[Event "FIDE Womens Candidates 2024"]
[Site "Toronto"]
[Date "2024.04.06"]
[Round "3.1"]
[White "Koneru, Humpy"]
[Black "Tan, Zhongyi"]
[Result "1/2-1/2"]
[ECO "D02"]
[WhiteElo "2546"]
[BlackElo "2521"]
[Annotator "TA"]
[PlyCount "63"]
[EventDate "2024.04.02"]
[EventType "tourn"]
[EventCountry "CAN"]
[SourceTitle "playchess.com"]
[Source "ChessBase"]
[SourceQuality "1"]
[TimeControl "40/5400+30:1800+30"]

1. d4 d5 2. Nf3 Nf6 3. g3 c5 4. Bg2 Nc6 5. O-O cxd4 6. Nxd4 e5 7. Nxc6 bxc6 8. c4 Be6 9. Qa4 {[%emt 0:05:46] [#] Threatens to win with cxd5.} Qd7 10. Nc3 Rc8 11. cxd5 {[%emt 0:01:58] White is slightly better.} cxd5 12. Qxd7+ Kxd7 13. Rd1 Bc5 14. Nxd5 (14. Bxd5 Nxd5 15. Nxd5 Bxd5 16. Rxd5+ Ke6 $17) 14... Nxd5 15. Bxd5 Bxd5 16. Rxd5+ Ke6 17. Rd1 Rhd8 18. Rxd8 Rxd8 $11 {[%emt 0:00:10][%mdl 4096] Endgame. KRB-KRB} 19. Bg5 f6 {[%emt 0:01:08] The position is equal.} 20. Rc1 $1 Bb6 21. Be3 Bxe3 22. fxe3 {[%emt 0:00:07] KR-KR} Rd2 23. Kf2 Rxb2 24. Rc6+ Kf5 25. Ra6 Rb7 26. Ra4 h5 27. Kf3 Rc7 28. h3 Rd7 29. Ra5 Rc7 30. Ra4 Rd7 31. Ra5 Rc7 32. Ra4 {[%emt 0:00:51] Weighted Error Value: White=0.02 (flawless) /Black=0.00 (flawless) .  OK:         	White=10    	Black=10     Best:        	White=2     	Black=3      Strong:       	White=1     	---} 1/2-1/2

[Event "FIDE Womens Candidates 2024"]
[Site "Toronto"]
[Date "2024.04.09"]
[Round "5.4"]
[White "Koneru, Humpy"]
[Black "Goryachkina, Aleksandra"]
[Result "1/2-1/2"]
[ECO "D27"]
[WhiteElo "2546"]
[BlackElo "2553"]
[Annotator "TA"]
[PlyCount "87"]
[EventDate "2024.04.02"]
[EventType "tourn"]
[EventCountry "CAN"]
[SourceTitle "playchess.com"]
[Source "ChessBase"]
[SourceQuality "1"]
[TimeControl "40/5400+30:1800+30"]

1. d4 d5 2. c4 e6 3. Nf3 Nf6 4. Nc3 c5 5. e3 dxc4 6. Bxc4 a6 7. O-O b5 8. Bb3 Bb7 {[%emt 0:02:08] [#]} 9. e4 $1 cxd4 10. Nxd4 {[%emt 0:01:44] With the idea e5.} Nc6 11. Nxc6 Qxd1 12. Rxd1 Bxc6 13. f3 Bc5+ 14. Kf1 Ke7 15. e5 Nd7 16. Bg5+ Ke8 17. Rac1 h6 18. Bf4 Ke7 19. Bc2 g5 20. Bd2 a5 (20... Nxe5 $2 21. Ne4 Bxe4 22. Bxe4 $16) 21. Be4 Bxe4 22. Nxe4 Rhc8 23. h4 Bb4 $1 24. Be3 {[%emt 0:03:57] a3 would now be deadly.} Nxe5 25. Rxc8 Rxc8 26. hxg5 {[%emt 0:00:07] aiming for Bd4.} Nc4 27. Bc1 hxg5 28. Bxg5+ Kf8 29. Rd7 Kg7 {[%emt 0:04:25][%cal Og7g6] Dodges Bh6+} 30. a3 Bf8 31. Rb7 Kg6 {[%emt 0:00:54] Threatens to win with ...f5.} 32. Bf6 (32. Rxb5 $2 f5 33. Bf4 (33. b3 $2 Nxa3 34. Rxa5 fxe4 $19) 33... fxe4 34. fxe4 a4 $19) 32... Ne3+ 33. Ke2 Nd5 34. Bd4 Nf4+ 35. Kf2 Rc2+ 36. Ke1 $1 f5 37. Nd2 Rc1+ (37... Nxg2+ $6 38. Kd1 Rc8 39. Rxb5 $14) 38. Kf2 Rd1 39. Be3 Nd5 {[%emt 0:00:01] Strongly threatening ...f4.} 40. f4 {[%emt 0:00:00] [#]} (40. g3 $1 $15) 40... Bc5 $1 $17 41. Ke2 Nxe3 (41... Bxe3 $2 {loses.} 42. Kxd1 Nxf4 43. Rxb5 $18) 42. Nb3 {[%emt 0:00:25] [#]} Rd5 (42... Bxa3 43. bxa3 a4 44. Na5 $16 (44. Kxe3 axb3 45. Rxb5 Rg1 $11)) ({Black should play} 42... Bd6 $1 $17 43. Kxe3 a4) 43. Nxc5 $11 Rxc5 44. Kxe3 {[%emt 0:00:14] Weighted Error Value: White=0.09 (flawless) /Black=0.06 (flawless) .  Mistake:       	White=1     	Black=1      Inaccurate:     	White=1     	---        OK:         	White=12    	Black=24     Best:        	White=4     	---        Strong:       	White=1     	Black=1      Brilliant:      	---       	Black=1} 1/2-1/2

[Event "FIDE Womens Candidates 2024"]
[Site "Toronto"]
[Date "2024.04.10"]
[Round "6.3"]
[White "Koneru, Humpy"]
[Black "Lei, Tingjie"]
[Result "0-1"]
[ECO "E97"]
[WhiteElo "2546"]
[BlackElo "2550"]
[Annotator "TA"]
[PlyCount "96"]
[EventDate "2024.04.02"]
[EventType "tourn"]
[EventCountry "CAN"]
[SourceTitle "playchess.com"]
[Source "ChessBase"]
[SourceQuality "1"]
[TimeControl "40/5400+30:1800+30"]

1. d4 d6 2. Nf3 Nf6 3. c4 g6 4. Nc3 Bg7 5. e4 O-O 6. Be2 e5 7. O-O Nc6 8. d5 Ne7 9. Kh1 Kh8 10. Ne1 Nd7 11. Nd3 f5 12. f4 (12. f3 $14 {deserves consideration.}) 12... exf4 $11 13. Bxf4 h6 14. c5 fxe4 15. cxd6 cxd6 16. Nxe4 Ne5 17. Bxe5 Rxf1+ 18. Bxf1 dxe5 19. d6 Nf5 20. Ndc5 {[%emt 0:05:50] Excellent horsemanship.} Nd4 21. Bd3 b6 22. Nb3 Bf5 23. Rc1 Rb8 24. Nbd2 Rc8 {[%emt 0:06:25] Inhibits Rc7.} 25. Rc3 Bf8 26. Nc4 Bg7 27. Ne3 Rxc3 28. bxc3 Bxe4 $1 29. Bxe4 Nb5 {[%emt 0:00:07] Black is weak on the light squares} 30. Qd3 Nxd6 31. Bxg6 Qf6 32. h3 Bf8 33. Nd5 Qf2 34. Qe3 Qxe3 35. Nxe3 $15 {[%emt 0:00:03][%mdl 4096] Endgame. KBN-KBN} e4 36. Nf5 {[%emt 0:00:57] [#]} (36. Bh5 $11 {keeps the balance.}) 36... Nb5 $1 $17 37. c4 (37. Kg1 $142) 37... Nc3 38. Kg1 Nxa2 39. Kf2 (39. Ng3 $17 {was necessary.}) 39... a5 $19 40. Ng3 a4 {[%emt 0:00:00] [#] aiming for ...a3.} ({Stronger than} 40... Bc5+ 41. Ke1 $11) 41. Nxe4 (41. Ne2 {might work better.}) 41... a3 42. Nd2 Kg7 43. Bb1 $2 (43. Bc2) 43... Nc3 {[%emt 0:00:33] Black is clearly winning.} 44. Bc2 a2 45. Nb3 Ba3 {[%emt 0:04:40] Hoping for ...Bb2.} 46. Ke3 Bb2 47. c5 bxc5 {[%emt 0:01:54] And now ...c4 would win.} ({Weaker is} 47... a1=B 48. cxb6 Nd5+ 49. Kf3 Nxb6 50. Be4 $17) 48. Kd3 Nb5 {[%emt 0:01:28] Weighted Error Value: White=0.77/Black=0.06 (flawless) .  Mistake:       	White=6     	---        Inaccurate:     	White=3     	Black=1      OK:         	White=11    	Black=20     Best:        	White=1     	Black=2      Strong:       	---       	Black=2} (48... a1=B $2 49. Nxc5 Nd5 50. Ke4 $19) 0-1

[Event "FIDE Womens Candidates 2024"]
[Site "Toronto"]
[Date "2024.04.13"]
[Round "8.2"]
[White "Koneru, Humpy"]
[Black "Vaishali, Rameshbabu"]
[Result "1-0"]
[ECO "D97"]
[WhiteElo "2546"]
[BlackElo "2475"]
[Annotator "TA"]
[PlyCount "125"]
[EventDate "2024.04.02"]
[EventType "tourn"]
[EventCountry "CAN"]
[SourceTitle "playchess.com"]
[Source "ChessBase"]
[SourceQuality "1"]
[TimeControl "40/5400+30:1800+30"]

1. d4 Nf6 2. c4 g6 3. Nc3 d5 4. Qb3 dxc4 5. Qxc4 Bg7 6. e4 O-O 7. Bf4 c6 8. Nf3 Bg4 9. Be2 {[%emt 0:03:55] D97: Grünfeld: Russian System: 7 e4, replies other than 7...Bg4.} Nfd7 10. Rd1 Na6 11. O-O Bxf3 $146 ({Predecessor:} 11... Qb6 12. Be3 {½-½ Luft,A (2325)-Zagorskis,D (2530) Wuerzburg op 12th 1996 (3.3)}) 12. Bxf3 e5 13. dxe5 Qe8 14. e6 Nb6 15. Qb3 Nc5 16. Qc2 Nxe6 17. Bd6 Nd4 18. Qd3 Nd7 19. Qe3 c5 20. Be2 Qe6 21. Bxf8 Rxf8 22. b3 a6 23. Bc4 Qe7 24. Ne2 b5 25. Bd3 Nb6 {[%emt 0:02:29] [#]} 26. b4 (26. Kh1 $1 $16) 26... Na4 $14 27. bxc5 Qxc5 28. Rc1 Nxe2+ 29. Bxe2 Qxe3 30. fxe3 Nc3 31. Rc2 Be5 (31... Ra8 $14) 32. Rd2 ({White should try} 32. Rfc1 $16 Rc8 33. Rd1) 32... Rc8 (32... Ra8 $14 {deserves consideration.}) 33. Bd1 $16 Rc7 34. Rd8+ Kg7 35. Re8 Bd6 36. Bb3 Bc5 37. Rf3 (37. g4 $14) 37... a5 $11 38. Kf1 a4 39. Bd5 b4 40. Ra8 Bd6 41. Ra6 Be5 42. g4 Bxh2 43. Raf6 Nxd5 $1 44. exd5 Rb7 45. Kg2 Be5 46. Ra6 b3 47. axb3 axb3 48. Rf1 b2 49. Rb1 Kf8 50. Kf3 Ke7 51. g5 Rb4 52. Ra7+ Ke8 53. e4 Kf8 54. Ra3 Kg7 55. Rd3 Rc4 $2 (55... Rb7 $11 {and Black is okay.}) 56. d6 $18 Rc8 ({Wrong is} 56... Rc1 $2 57. Rxb2 (57. Rd1 Rxd1 58. Rxd1 Bxd6 $17) 57... Rg1 (57... Bxb2 $2 {too greedy.} 58. d7 $18) 58. Rg2 $18) 57. Rd5 Bc3 $2 (57... f6 {is tougher.}) 58. e5 $18 Kf8 59. Ke4 Ra8 60. Kd3 Ra3 61. Kc2 Ke8 62. Rd3 Bb4 63. Rxb2 1-0

[Event "FIDE Womens Candidates 2024"]
[Site "Toronto"]
[Date "2024.04.14"]
[Round "9.2"]
[White "Koneru, Humpy"]
[Black "Lagno, Kateryna"]
[Result "1/2-1/2"]
[ECO "D38"]
[WhiteElo "2546"]
[BlackElo "2542"]
[Annotator "TA"]
[PlyCount "114"]
[EventDate "2024.04.02"]
[EventType "tourn"]
[EventCountry "CAN"]
[SourceTitle "playchess.com"]
[Source "ChessBase"]
[SourceQuality "1"]
[TimeControl "40/5400+30:1800+30"]

1. d4 Nf6 2. c4 e6 3. Nf3 d5 4. Nc3 Bb4 5. a3 Bxc3+ 6. bxc3 c5 7. a4 {[%emt 0:02:48] D38: Queen's Gambit Declined: Ragozin Defence (4 Nf3 Bb4).} Ne4 8. e3 Nxc3 9. Qc2 Ne4 $146 ({Predecessor:} 9... cxd4 10. Nxd4 Ne4 11. cxd5 exd5 12. Bb5+ Bd7 13. Ba3 Qa5+ 14. Ke2 Nc6 15. Bxc6 bxc6 {½-½ Tabatabaei,M (2623)-Yu,Y (2713) Berlin FIDE GP 3 Pool-D 2022 (5)}) 10. cxd5 exd5 11. Bb5+ Nc6 12. dxc5 O-O 13. O-O Nb4 14. Qb1 a6 15. Qxb4 axb5 16. Qxb5 Ra5 17. Qb4 Rxc5 18. Ba3 Re8 19. Rfc1 b6 20. Qd4 Ra5 21. Bb4 Ra6 22. Ne5 Bb7 23. f3 Ng5 24. Qf4 f6 25. Nc6 Bxc6 26. Rxc6 Qa8 27. Rac1 Rxa4 28. Qf5 Ra1 (28... Rxb4 $2 {too greedy.} 29. Rc8 $18) 29. Qxd5+ Nf7 30. Qb3 Qxc6 31. Rxa1 Rc8 32. Rd1 b5 (32... Qc4 {simplifies} 33. Rb1 Qxb3 34. Rxb3 Rc1+) 33. Rd4 (33. h3 {simplifies} Qc4 34. Qxc4 Rxc4 35. Rb1) 33... Qc1+ 34. Kf2 h5 ({Black should play} 34... Qc2+ $1 $11 35. Qxc2 Rxc2+ 36. Kg3 h5) 35. Rd2 (35. Bd2 $1 $14 Qc7 36. h3) 35... Rc4 36. Rd1 {[%emt 0:00:36] [#]} (36. Ra2 $11 {keeps the balance.} Rc7 37. Bd2) 36... Rc2+ $1 $17 37. Ke1 Qb2 38. Qxb2 Rxb2 39. Bd2 Ne5 40. Bc3 Rxg2 41. Rd8+ Kf7 42. Bxe5 fxe5 43. Rd5 b4 ({Don't play} 43... Rxh2 $6 44. Rxe5 b4 45. Rb5 $11) 44. Rb5 Rxh2 45. Rxb4 Kf6 46. Kf1 g5 (46... Ra2 $17) 47. Rb8 g4 48. fxg4 hxg4 49. Rf8+ Ke6 50. e4 $1 Rh6 51. Rg8 Rf6+ 52. Ke2 $1 Rf4 53. Ke3 Kf6 54. Kd3 Kf7 55. Rg5 Ke6 56. Rg6+ Ke7 57. Ke3 Kd7 1/2-1/2

[Event "FIDE Womens Candidates 2024"]
[Site "Toronto"]
[Date "2024.04.17"]
[Round "11.3"]
[White "Koneru, Humpy"]
[Black "Salimova, Nurgyul"]
[Result "1-0"]
[ECO "D12"]
[WhiteElo "2546"]
[BlackElo "2432"]
[Annotator "TA"]
[PlyCount "179"]
[EventDate "2024.04.02"]
[EventType "tourn"]
[EventCountry "CAN"]
[SourceTitle "playchess.com"]
[Source "ChessBase"]
[SourceQuality "1"]
[TimeControl "40/5400+30:1800+30"]

1. d4 d5 2. c4 c6 3. Nf3 Nf6 4. e3 Bf5 5. Nc3 e6 6. Nh4 Bg6 7. Nxg6 hxg6 8. Bd2 Nbd7 9. cxd5 exd5 10. Qc2 {[%emt 0:00:41] The position is equal.} Qc7 11. h3 Be7 12. O-O-O O-O-O 13. Be2 Kb8 14. Kb1 Rc8 15. g4 g5 16. Qf5 Nb6 17. Qxg5 Ne4 18. Qf5 (18. Qxg7 $2 Bf6 $19 (18... Nxf2 19. Qxf7 Rcf8 20. Qg7 $15) (18... Nxf2 19. Qxf7 Rcf8 20. Qg7 $15)) 18... g6 19. Qf3 (19. Qxf7 Rcf8 20. Qxg6 Nxf2 $15) 19... f5 20. Qg2 (20. gxf5 gxf5 21. Be1 (21. Qxf5 $2 Rcf8 $19) 21... a6 $11) 20... Rcf8 (20... Nxd2+ $14 21. Rxd2 f4) 21. Nxe4 $16 fxe4 22. Rdf1 g5 23. f3 exf3 24. Rxf3 Rxf3 25. Qxf3 Rf8 26. Qg2 Bd6 27. Bd3 {[%emt 0:02:35] Against Qh7} Nc4 28. Bc1 Re8 (28... Qe7 $16) 29. e4 Bf4 30. e5 Qb6 (30... Bxc1 $16 31. Rxc1 Qa5 32. Bxc4 dxc4) 31. Bxf4 $18 gxf4 32. Qf2 Rd8 33. Rc1 (33. Qxf4 $2 Qxb2#) 33... Qb4 $2 (33... Rf8 34. e6 (34. Bxc4 dxc4 35. e6 Qb4 $18) 34... Qb4 35. Bxc4 dxc4) 34. Bxc4 (34. Qxf4 $2 Qxb2#) 34... dxc4 35. Qxf4 {[%emt 0:01:05][%mdl 4096] Endgame. KQR-KQR} c3 36. e6+ Kc8 37. Rxc3 Rxd4 38. Qf5 Rd1+ 39. Kc2 Re1 40. Qd3 (40. e7+ Kc7 $11) (40. a3 $18 Qa4+ 41. b3 Qxa3 42. Kd2 (42. e7+ Kc7 $16) 42... Qb2+ 43. Kxe1 Qxc3+ 44. Ke2 Qb2+ 45. Kf1 Qc1+ 46. Ke2 Qb2+ 47. Kf3 Qc3+ 48. Ke2 Qb2+) 40... Qa4+ 41. Rb3 Rxe6 42. Qf5 $36 {[%emt 0:04:17][%mdl 2048] Dodges Qf4. Black is under strong pressure.} Qc4+ 43. Rc3 Qe2+ 44. Kb1 a5 (44... Qe4+ $142 45. Qxe4 Rxe4) 45. a3 ({Not} 45. Qxa5 Qe1+ 46. Kc2 Re2+ 47. Kb3 Qd2 48. Qf5+ Kb8 $11) 45... a4 $2 (45... Qe4+ 46. Qxe4 Rxe4) 46. g5 Kc7 47. g6 {[%emt 0:01:23] Threatens to win with g7.} Re5 48. Qf7+ Kb6 49. Qc4 {[%emt 0:06:37] Wards off Rb5} Qf2 50. Qxa4 $2 (50. Ka2 {[%cal Og6g7] g7! would now be deadly.} Rg5 51. Qxa4) 50... Rb5 51. Qc2 Qe1+ 52. Ka2 {[%emt 0:00:16] And now Rb3 would win.} Qe6+ 53. Ka1 $1 Qe1+ (53... Rg5 {was called for.} 54. Qb3+ Qxb3 55. Rxb3+ Kc7) 54. Qb1 (54. Qc1 Qxc1+ 55. Rxc1 Rg5 $11) 54... Qxb1+ 55. Kxb1 {[%emt 0:00:02] Threatening mate with Rg3. KR-KR} Rg5 56. h4 (56. Rb3+ Kc7 57. h4 Rxg6 $11) 56... Rxg6 57. h5 Rh6 58. Rh3 Kc5 59. Kc2 Kd5 60. Kc3 Kc5 61. Rh1 b6 (61... Kd5 $142 62. Rh4 b5) 62. Rh3 Kd5 63. a4 Kc5 64. Kb3 Kd5 65. Kb4 Kd4 66. b3 Kd5 67. Rh4 Ke5 68. Kc4 Kd6 69. Rh1 Ke5 70. Rh2 Kd6 71. Kd4 {[%emt 0:00:20] Black must now prevent b4.} Ke6 (71... c5+ $142 72. Kc4 Kc6) 72. Ke4 Kf6 (72... c5 $142 73. Rh3 Kf6) 73. Kf4 (73. b4 $142 {Hoping for a5.} Ke7 74. Kf4) 73... Kf7 74. Ke5 Re6+ 75. Kd4 Rh6 $2 (75... c5+ 76. Kd3 Kg8) 76. b4 {[%emt 0:00:39][%cal Bb3b4,Bb4a5][%mdl 32] aiming for a5.} Ke6 77. a5 bxa5 78. bxa5 Kd6 79. Ke4 Kc5 80. Kf5 {[%emt 0:00:08] White wants to mate with Kg5.} Kb5 {[%emt 0:00:10] [#]} 81. Kg5 $1 Rh8 {[%emt 0:00:05] [#]} 82. Ra2 $1 {[%emt 0:00:09] Intending a6 and mate.} Rg8+ 83. Kf6 {[%emt 0:00:07] White mates.} Ka6 84. h6 c5 85. h7 Rc8 86. Rh2 Kxa5 87. h8=Q Rxh8 88. Rxh8 c4 89. Ke5 c3 90. Kd4 {[%emt 0:00:16] Weighted Error Value: White=0.36/Black=0.31.  Mistake:       	White=2     	Black=10     Inaccurate:     	White=3     	Black=5      OK:         	White=27    	Black=16     Best:        	White=9     	Black=6} 1-0

[Event "FIDE Womens Candidates 2024"]
[Site "Toronto"]
[Date "2024.04.20"]
[Round "13.4"]
[White "Koneru, Humpy"]
[Black "Muzychuk, Anna"]
[Result "1/2-1/2"]
[ECO "D30"]
[WhiteElo "2546"]
[BlackElo "2520"]
[Annotator "TA"]
[PlyCount "90"]
[EventDate "2024.04.02"]
[EventType "tourn"]
[EventCountry "CAN"]
[SourceTitle "playchess.com"]
[Source "ChessBase"]
[SourceQuality "1"]
[TimeControl "40/5400+30:1800+30"]

1. d4 d5 2. c4 e6 3. Nf3 Nf6 4. Qc2 dxc4 5. Qxc4 a6 6. Bf4 Bd6 7. Bg3 b5 8. Qc2 Bb7 9. Nbd2 Nbd7 10. a3 Qe7 11. e3 c5 12. Bxd6 Qxd6 13. dxc5 Nxc5 14. Rd1 Qb6 15. b4 Nce4 16. Nxe4 Bxe4 17. Bd3 Bxf3 18. gxf3 Ke7 19. O-O Rac8 20. Qb2 Rhd8 21. Be4 {[%emt 0:04:22] Dodges Qc6} Nxe4 22. fxe4 f6 (22... g6 {is more complex.} 23. h3 h5 24. Qe5 Qc7) 23. Rxd8 Qxd8 $11 {[%emt 0:00:28][%mdl 4096] Endgame. KQR-KQR} 24. Rc1 Rc4 $1 25. Rxc4 $1 Qd1+ ({Black should try} 25... bxc4 $15 26. Qc2 Qc7) 26. Kg2 {[%emt 0:00:06] The position is equal.} bxc4 {[%emt 0:00:24] KQ-KQ} 27. b5 $1 Qg4+ 28. Kf1 Qd1+ 29. Kg2 axb5 30. Qxb5 Qg4+ 31. Kf1 Qd1+ 32. Kg2 Qg4+ 33. Kf1 Qxe4 34. Qc5+ $1 Kf7 35. Qc7+ Kg6 36. Qg3+ $1 Kf7 37. Qc7+ Kg6 38. Qg3+ $1 Kf5 39. Qh3+ Ke5 (39... Kg5 $5 40. Qg3+ $8 Kh5 41. Qxg7 Qb1+ 42. Ke2 Qf5 $11) 40. Qg3+ Kd5 {[%emt 0:00:00] [#] And now ...c3 would win.} 41. Qxg7 {[%emt 0:01:03] Hoping for Qb7+.} Qb1+ 42. Ke2 {[%emt 0:03:38] aiming for Qd7+.} Qd3+ 43. Ke1 {[%emt 0:02:50] Black must now prevent Qd7+.} Qxa3 {[%emt 0:02:24] Threatens to win with ...Qc3+.} 44. Qb7+ Kd6 {[%emt 0:00:58] [#] Strongly threatening ...Qc3+.} 45. Qb6+ Kd7 {[%emt 0:00:48] Weighted Error Value: White=0.05 (flawless) /Black=0.05 (flawless) .  Mistake:       	---       	Black=1      Inaccurate:     	White=3     	Black=2      OK:         	White=13    	Black=19     Best:        	White=6     	---        Strong:       	White=5     	Black=1} 1/2-1/2